 Dungeon Crawl Stone Soup version 0.29.0-13-gc9e81de378 (webtiles) character file.

Game seed: 11360012685957694858

96494 groovy9 the Severer (level 16, -12/149 HPs)
             Began as a Hill Orc Fighter on Sept 10, 2022.
             Was the Champion of Okawaru.
             Mangled by a caustic shrike simulacrum (25 damage)
             ... in an ice cave.
             The game lasted 01:28:07 (28416 turns).

groovy9 the Severer (Hill Orc Fighter)             Turns: 28416, Time: 01:28:08

Health: -12/149    AC: 40    Str: 47    XL:     16   Next: 17%
Magic:  26/26      EV:  8    Int:  2    God:    Okawaru [******]
Gold:   350        SH: 14    Dex: 10    Spells: 15/15 levels left

rFire   + + .      SeeInvis +   a - +9 broad axe "Sarcophage" {venom, rF++ rN+ Int-2 SInv}
rCold   . . .      Faith    .   U - +2 kite shield {rPois}
rNeg    + + .      Spirit   .   N - +15 Maxwell's patent armour {-Cast -Tele rElec Will+ rCorr}
rPois   +          Reflect  .   H - -2 helmet "Xeomir" {Str+7 Dex-4}
rElec   +          Harm     .   x - +2 cloak {Will+}
rCorr   +          Rampage  .   j - +2 pair of gloves
Will    ++++.      NoTele   +   B - +0 pair of boots
Stlth   .......... NoCast   +   m - amulet of the Gloaming {RegenMP Str+7}
HPRegen 0.34/turn               e - ring of positive energy
MPRegen 0.60/turn               c - ring of Moderation {Will+ rCorr Str+6 Int-4 Dex+4}

@: no status effects
A: no striking features
a: Renounce Religion, Heroism, Finesse, Duel


You were in an ice cave.
You worshipped Okawaru.
Okawaru was exalted by your worship.
You visited 5 branches of the dungeon, and saw 24 of its levels.
You also visited: Ossuary and Ice Cave.

You collected 2858 gold pieces.
You spent 2508 gold pieces at shops.

Inventory:

Hand Weapons
 a - the +9 broad axe "Sarcophage" (weapon) {venom, rF++ rN+ Int-2 SInv}
   (You acquired it on level 2 of the Snake Pit)

   It poisons the flesh of those it strikes.
   Int:       It affects your intelligence (-2).
   rF:        It greatly protects you from fire.
   rN:        It protects you from negative energy.
   SInv:      It lets you see invisible.
Armour
 j - a +2 pair of gloves (worn)
 x - a +2 cloak of willpower (worn)
 B - a +0 pair of boots (worn)
 D - a +2 tower shield of fire resistance
 H - the -2 helmet "Xeomir" (worn) {Str+7 Dex-4}
   (Okawaru gifted it to you on level 1 of the Lair of Beasts)

   Str:       It affects your strength (+7).
   Dex:       It affects your dexterity (-4).
 N - the +15 Maxwell's patent armour (worn) {-Cast -Tele rElec Will+ rCorr}
   (You bought it in a shop on level 2 of the Orcish Mines)

   rElec:     It insulates you from electricity.
   -Cast:     It prevents spellcasting.
   -Tele:     It prevents most forms of teleportation.
   rCorr:     It protects you from acid and corrosion.
   Will:      It increases your willpower.
 U - a +2 kite shield of poison resistance (worn)
Jewellery
 c - the ring of Moderation (right hand) {Will+ rCorr Str+6 Int-4 Dex+4}
   (You acquired it on level 2 of the Snake Pit)

   [ring of strength]

   Str:       It affects your strength (+6).
   Int:       It affects your intelligence (-4).
   Dex:       It affects your dexterity (+4).
   rCorr:     It protects you from acid and corrosion.
   Will:      It increases your willpower.
 e - a ring of positive energy (left hand)
 m - the amulet of the Gloaming (around neck) {RegenMP Str+7}
   (You acquired it on level 2 of the Snake Pit)

   [amulet of magic regeneration]

   It increases your rate of magic regeneration.
   Str:       It affects your strength (+7).
 n - an amulet of the acrobat
 t - a ring of positive energy
 F - an amulet of reflection
 G - a ring of see invisible
 J - a ring of poison resistance
 P - a ring of magical power
 S - an amulet of guardian spirit
Wands
 L - a wand of digging (4)
Scrolls
 i - 4 scrolls of magic mapping
 p - 6 scrolls of butterflies
 q - a scroll of vulnerability
 s - 3 scrolls of noise
 u - 2 scrolls of fear
 y - 4 scrolls of immolation
 C - 2 scrolls of blinking
 I - 7 scrolls of identify
 M - 7 scrolls of teleportation
 Q - a scroll of amnesia
 R - a scroll of enchant weapon
Potions
 d - 3 potions of might
 f - 2 potions of magic
 g - 8 potions of curing
 h - 4 potions of brilliance
 k - 4 potions of ambrosia
 l - 2 potions of resistance
 o - 5 potions of lignification
 r - 6 potions of haste
 v - 4 potions of mutation
 w - a potion of cancellation
 z - 3 potions of flight
 A - 2 potions of degeneration
 E - 2 potions of berserk rage
 O - 3 potions of attraction


   Skills:
 + Level 15.3 Fighting
 + Level 19.3 Axes
 + Level 14.3 Armour
 + Level 14.2 Shields
 + Level 14.4 Invocations


You had 15 spell levels left.
You didn't know any spells.
Your spell library contained the following spells:

 Spells                   Type           Power      Damage    Failure   Level
 Sandblast                Erth           0%         2d4       98%         1
 Blink                    Tloc           0%         N/A       99%         2
 Passwall                 Tmut/Erth      0%         N/A       99%         2
 Inner Flame              Hex/Fire       0%         N/A       100%        3
 Lesser Beckoning         Tloc           0%         N/A       100%        3
 Ozocubu's Armour         Ice            0%         N/A       100%        3
 Stone Arrow              Conj/Erth      0%         3d7       100%        3
 Cause Fear               Hex            0%         N/A       100%        4
 Corpse Rot               Necr/Pois/Air  0%         N/A       100%        4
 Dispel Undead            Necr           0%         3d6       100%        4
 Fulminant Prism          Conj/Hex       0%         3d6       100%        4
 Iskenderun's Mystic Bla  Conj/Tloc      0%         2d3       100%        4
 Lee's Rapid Deconstruct  Erth           0%         3d5*      100%        5
 Manifold Assault         Tloc           0%         N/A       100%        5
 Ozocubu's Refrigeration  Ice            0%         4d7       100%        7
 Discord                  Hex            0%         N/A       100%        8
 Death Channel            Necr           Unusable   N/A       N/A         6

Dungeon Overview and Level Annotations

Branches:
Dungeon (12/15)            Temple (1/1) D:6            Lair (5/5) D:8
 Shoals (0/4) Lair:2        Snake (4/4) Lair:2        Slime (0/5) Lair:4
    Orc (2/2) D:9             Elf (0/3) Orc:2       Ossuary (visited)
  IceCv (1/1)

Altars:
Ashenzari
Cheibriados
Dithmenos
Elyvilon
Fedhas
Gozag
Hepliaklqana
Kikubaaqudgha
Makhleb
Nemelex Xobeh
Okawaru
Qazlal
Ru
Sif Muna
Trog
Uskayaw
Vehumet
Wu Jian
Xom
Yredelemnul
Zin
The Shining One
Jiyva

Shops:
D:1 *   D:9 (   D:10 =   Orc:2 ?(*[   Snake:1 [   Snake:2 (:==   Snake:3 *

Annotations:
Lair:2 exclusion: 2 oklob plants
Snake:1 2 transporters


Message History

You are too injured to fight recklessly!
You are too injured to fight recklessly!
You are too injured to fight recklessly!
You are too injured to fight recklessly!
You are too injured to fight recklessly!
You are too injured to fight recklessly!
You are too injured to fight recklessly!
You are too injured to fight recklessly!
You are too injured to fight recklessly!
You are too injured to fight recklessly!
You are too injured to fight recklessly!
You slice the caustic shrike simulacrum like a ripe choko!!!
The caustic shrike simulacrum is severely damaged.
The caustic shrike simulacrum claws you.
The caustic shrike simulacrum freezes you!!!
* * * LOW HITPOINT WARNING * * *
You block the caustic shrike simulacrum's attack.
You slice the caustic shrike simulacrum!!
The caustic shrike simulacrum vaporises!
Okawaru accepts your kill.
A caustic shrike simulacrum comes into view.
A caustic shrike simulacrum is nearby!
You are too injured to fight recklessly!
You are too injured to fight recklessly!
You are too injured to fight recklessly!
You are too injured to fight recklessly!
You are too injured to fight recklessly!
You are too injured to fight recklessly!
You are too injured to fight recklessly!
You are too injured to fight recklessly!
You chop the caustic shrike simulacrum into pieces!!!
The caustic shrike simulacrum is severely damaged.
The caustic shrike simulacrum claws you.
The caustic shrike simulacrum freezes you!!!
* * * LOW HITPOINT WARNING * * *
You feel much better.
The caustic shrike simulacrum claws you!
* * * LOW HITPOINT WARNING * * *
The caustic shrike simulacrum freezes you!!
You die...

#...............#
#'######'######'#
#.# +.......+ #.#
#.# #.8...8.# #.#
#.# +.......' #.#
#.###.8...8.###.#
#.'..W........'.#
#Z###.8...8.###.#
#@# +.......'○#.#
#.# #.8...8.###.#
#.# +.......'.#.#
#'# #'#...#'###'#
#.. Z#...#.# ..#
### ##...### ###
#...# ##+#...#
#⌠)##'##


You could see a caustic shrike simulacrum.

Vanquished Creatures
  Rupert (Lair:4)
  An Ice Fiend (IceCv)
  Kirke (Lair:5)
  2 nagarajas
  An azure jelly (Snake:4)
  Snorg (Lair:3)
  2 hydras
  4 anacondas
  2 two-headed ogres
  2 boulder beetles
  12 naga warriors
  2 caustic shrike simulacra (IceCv)
  10 death yaks (Lair:5)
  4 naga sharpshooters (Snake:1)
  A shock serpent (Snake:4)
  A salamander mystic (Snake:3)
  A bog body (IceCv)
  2 obsidian statues (IceCv)
  2 spriggan simulacra (IceCv)
  2 naga ritualists
  2 orc knights (Orc:2)
  A wolf spider (Lair:5)
  A mana viper (Snake:1)
  A deep elf pyromancer (D:12)
  An ugly thing (D:12)
  5 salamanders
  2 cyclopes
  2 slime creatures (D:12)
  9 naga magi
  4 guardian serpents
  11 elephants
  33 black mambas
  A merfolk siren (Lair:2)
  17 cane toads
  A torpor snail (Lair:4)
  3 kobold demonologists (D:9)
  2 unseen horrors
  5 komodo dragons
  An ice devil (IceCv)
  3 freezing wraiths
  3 rime drakes (Lair:5)
  3 trolls
  A red devil (D:12)
  17 blink frogs
  3 hornets (Lair:5)
  A polar bear (Lair:5)
  7 dream sheep (Lair:4)
  A meliai zombie (D:11)
  Sigmund (D:2)
  A shadow (D:11)
  2 wraiths
  32 yaks
  A minotaur simulacrum (IceCv)
  14 wyverns
  3 hogs (Lair:5)
  Menkaure (D:5)
  3 vampire mosquitoes (D:12)
  3 redbacks (Lair:5)
  25 nagas
  2 wargs
  5 acid dragons
  20 water moccasins
  3 hydra simulacra (IceCv)
  24 orc warriors
  3 ice beasts
  3 sky beasts
  A black bear (D:8)
  2 ettin simulacra (IceCv)
  An ogre (D:7)
  An alligator simulacrum (IceCv)
  14 centaurs
  A phantom (D:4)
  2 kobold brigands
  2 gnoll sergeants
  3 scorpions
  8 bullfrogs
  3 necrophages
  A deep troll simulacrum (IceCv)
  13 wights
  4 killer bees (D:11)
  A lindwurm simulacrum (IceCv)
  5 electric eels (Lair:1)
  5 howler monkeys
  3 centaur zombies (Ossuary)
  5 lava snakes (Lair:1)
  Crazy Yiuf (D:5)
  6 orc priests
  A gnoll bouda (D:5)
  2 hounds
  6 jellies
  4 iguanas
  8 orc wizards
  A boggart zombie (D:11)
  6 mummies (Ossuary)
  13 gnolls
  10 adders
  2 shadow imps
  3 worms
  3 dart slugs
  37 orcs
  9 endoplasms
  4 giant cockroaches
  11 hobgoblins
  A jackal (D:4)
  9 kobolds
  9 quokkas
  7 ball pythons
  4 bats
  A frilled lizard (D:3)
  8 goblins
  2 hobgoblin zombies (Ossuary)
  5 rats
589 creatures vanquished.

Vanquished Creatures (others)
  5 dream sheep (D:4)
  A yak (Lair:4)
  19 fungi
  60 plants
85 creatures vanquished.

Grand Total: 674 creatures vanquished

Notes
Turn   | Place    | Note
-------+----------+-------------------------------------------
     0 | D:1      | groovy9 the Hill Orc Fighter began the quest for the Orb.
     0 | D:1      | Reached XP level 1. HP: 19/19 MP: 1/1
    84 | D:1      | Found a faded altar of an unknown god.
   109 | D:1      | Reached skill level 3 in Axes
   109 | D:1      | Reached XP level 2. HP: 21/27 MP: 2/2
   338 | D:1      | Found Gingipul's General Store.
   781 | D:2      | Found an ancient bone altar of Kikubaaqudgha.
   790 | D:2      | Reached XP level 3. HP: 27/33 MP: 3/3
  1177 | D:2      | Reached XP level 4. HP: 40/40 MP: 4/4
  1213 | D:2      | Identified the +7 mace of Duediorph {vorpal, Dex+2}
  1410 | D:2      | Noticed Sigmund
  1416 | D:2      | Killed Sigmund
  1417 | D:2      | Reached skill level 4 in Axes
  1417 | D:2      | Reached XP level 5. HP: 44/47 MP: 5/5
  1480 | D:2      | Reached XP level 6. HP: 55/55 MP: 6/6
  1548 | D:2      | Reached skill level 5 in Fighting
  2013 | D:3      | Found a blossoming altar of Fedhas.
  2021 | D:3      | Found a bloodstained altar of Trog.
  2715 | D:4      | Noticed a dream sheep
  2715 | D:4      | Noticed a dream sheep
  2715 | D:4      | Noticed a dream sheep
  2715 | D:4      | Noticed a dream sheep
  2715 | D:4      | Noticed a dream sheep
  2715 | D:4      | Found a shimmering altar of Xom.
  2719 | D:4      | Killed a dream sheep
  2719 | D:4      | Killed a dream sheep
  2719 | D:4      | Killed a dream sheep
  2719 | D:4      | Killed a dream sheep
  2719 | D:4      | Killed a dream sheep
  2747 | D:4      | You fall into a shaft and drop 3 floors!
  2863 | D:5      | Entered Level 5 of the Dungeon
  3004 | D:5      | Reached skill level 5 in Axes
  3032 | D:5      | Reached skill level 5 in Armour
  3047 | D:5      | Reached skill level 5 in Shields
  3049 | D:5      | Reached XP level 7. HP: 57/61 MP: 7/7
  3114 | D:4      | Found an ornate altar of the Wu Jian Council.
  3483 | D:4      | Reached skill level 6 in Axes
  3507 | D:4      | Found a sacrificial altar of Ru.
  3906 | D:5      | Reached XP level 8. HP: 70/70 MP: 8/8
  4143 | D:5      | Found a runed translucent door.
  4144 | D:5      | Noticed Crazy Yiuf
  4157 | D:5      | Killed Crazy Yiuf
  4317 | D:5      | Noticed Menkaure
  4328 | D:5      | Killed Menkaure
  4329 | D:5      | Reached skill level 7 in Axes
  4982 | D:6      | Found a hazy altar of Hepliaklqana.
  5235 | D:6      | Found a radiant altar of Vehumet.
  5274 | D:6      | Found a staircase to the Ecumenical Temple.
  5283 | Temple   | Entered the Ecumenical Temple
  5314 | Temple   | Became a worshipper of Warmaster Okawaru
  5378 | D:6      | Reached XP level 9. HP: 79/79 MP: 9/9
  5696 | D:7      | Reached skill level 8 in Axes
  5762 | D:7      | Reached * piety under Okawaru
  6315 | D:7      | Found an opulent altar of Gozag.
  6710 | D:8      | Found a sand-covered staircase.
  6737 | Ossuary  | Entered an ossuary
  6754 | Ossuary  | Reached skill level 1 in Invocations
  6802 | Ossuary  | Reached skill level 9 in Axes
  6928 | D:8      | Found a staircase to the Lair.
  6984 | D:8      | Reached ** piety under Okawaru
  7185 | D:8      | Found a hide-covered altar of Uskayaw.
  7326 | D:8      | Reached XP level 10. HP: 90/90 MP: 12/12
  7425 | D:8      | Reached skill level 10 in Axes
  8057 | D:9      | Noticed a kobold demonologist
  8071 | D:9      | Noticed a kobold demonologist
  8071 | D:9      | Noticed a kobold demonologist
  8075 | D:9      | Killed a kobold demonologist
  8082 | D:9      | Killed a kobold demonologist
  8082 | D:9      | Reached *** piety under Okawaru
  8088 | D:9      | Killed a kobold demonologist
  8213 | D:9      | Killed an unseen horror
  8214 | D:9      | Reached skill level 11 in Axes
  8450 | D:9      | Found a staircase to the Orcish Mines.
  8476 | D:9      | Found Napuafae's Antique Weapon Shoppe.
  8849 | D:9      | Found a sparkling altar of Nemelex Xobeh.
  8901 | D:10     | Entered Level 10 of the Dungeon
  9256 | D:10     | Found Neemnis's Jewellery Emporium.
  9265 | D:10     | Reached skill level 5 in Invocations
  9511 | D:10     | Noticed a two-headed ogre
  9519 | D:10     | Killed a two-headed ogre
  9519 | D:10     | Reached **** piety under Okawaru
  9520 | D:10     | Reached skill level 12 in Axes
  9520 | D:10     | Reached XP level 11. HP: 87/99 MP: 11/15
  9706 | D:10     | Found a stormy altar of Qazlal.
 10217 | D:11     | Noticed a cyclops
 10229 | D:11     | Killed a cyclops
 10318 | D:11     | Reached skill level 10 in Fighting
 10367 | D:11     | Found a basalt altar of Yredelemnul.
 10436 | D:11     | Noticed a two-headed ogre
 10441 | D:11     | Killed a two-headed ogre
 10563 | D:11     | Reached ***** piety under Okawaru
 11105 | D:12     | Noticed a deep elf pyromancer
 11111 | D:12     | Killed a deep elf pyromancer
 11112 | D:12     | Reached skill level 13 in Axes
 11259 | D:12     | Received a gift from Okawaru
 11514 | D:12     | Noticed a boulder beetle
 11743 | D:11     | Killed a boulder beetle
 11969 | D:12     | Identified the +6 chain mail "Arhoutto" {rElec rF+ Will-}
 12046 | D:12     | Reached skill level 10 in Armour
 12046 | D:12     | Reached XP level 12. HP: 97/108 MP: 17/17
 12096 | D:12     | Identified the +6 trident of Integrity {holy, rN+ Will+
                  | SInv}
 12224 | D:12     | Reached skill level 14 in Axes
 12242 | D:12     | Received a gift from Okawaru
 12323 | D:12     | Reached skill level 10 in Shields
 12751 | Orc:1    | Entered Level 1 of the Orcish Mines
 12896 | Orc:2    | Entered Level 2 of the Orcish Mines
 12915 | Orc:2    | Found a staircase to the Elven Halls.
 13747 | Orc:2    | Found Zeenwisu's General Store.
 13747 | Orc:2    | Found Gossed's Antique Weapon Boutique.
 13749 | Orc:2    | Found Viulian's Magic Scroll Shop.
 13751 | Orc:2    | Found Waxeikh's Armour Shoppe.
 14269 | Orc:1    | Reached skill level 15 in Axes
 14485 | Lair:1   | Entered Level 1 of the Lair of Beasts
 14572 | Lair:1   | Noticed a four-headed hydra
 14586 | Lair:1   | Killed a four-headed hydra
 15012 | Lair:1   | Identified the -2 helmet "Xeomir" {Str+7 Dex-4} (Okawaru
                  | gifted it to you on level 1 of the Lair of Beasts)
 15012 | Lair:1   | Received a gift from Okawaru
 15026 | Lair:1   | Reached XP level 13. HP: 92/117 MP: 19/19
 15398 | Lair:1   | Reached skill level 16 in Axes
 15792 | Lair:1   | Identified a scroll of acquirement
 15793 | Lair:1   | Acquired 727 gold pieces
 16294 | Lair:2   | Found a staircase to the Snake Pit.
 16744 | Lair:2   | Found a staircase to the Shoals.
 17215 | Orc:2    | Bought the +15 Maxwell's patent armour {-Cast -Tele rElec
                  | Will+ rCorr} for 1808 gold pieces
 17215 | Orc:2    | Found the +15 Maxwell's patent armour {-Cast -Tele rElec
                  | Will+ rCorr}
 17322 | D:10     | Bought a ring of poison resistance for 280 gold pieces
 17470 | Lair:3   | Noticed Snorg
 17485 | Lair:3   | Killed Snorg
 17881 | Lair:3   | Reached skill level 10 in Invocations
 18537 | Lair:4   | Found a viscous altar of Jiyva.
 18553 | Lair:4   | Found a staircase to the Slime Pits.
 18859 | Lair:4   | Received a gift from Okawaru
 18887 | Lair:4   | Reached skill level 17 in Axes
 19142 | Lair:4   | Noticed Rupert
 19158 | Lair:4   | Killed Rupert
 19550 | Lair:5   | Entered Level 5 of the Lair of Beasts
 19694 | Lair:5   | Found a bloodstained altar of Trog.
 19710 | Lair:5   | Reached XP level 14. HP: 125/127 MP: 22/22
 19955 | Lair:5   | Reached ****** piety under Okawaru
 19966 | Lair:5   | Identified the +4 war axe of Valour {elec, Fly rC+ Str+6
                  | SInv} (Okawaru gifted it to you on level 5 of the Lair of
                  | Beasts)
 19966 | Lair:5   | Received a gift from Okawaru
 20475 | Lair:5   | Noticed Kirke
 20503 | Lair:5   | Killed Kirke
 20901 | Lair:5   | Reached skill level 18 in Axes
 21455 | Snake:1  | Entered Level 1 of the Snake Pit
 21898 | Snake:1  | Received a gift from Okawaru
 22157 | Snake:1  | Found Indra's Dragon-Slaying Spoils.
 22215 | Snake:1  | Found a transporter.
 22347 | Snake:1  | Reached XP level 15. HP: 107/138 MP: 24/24
 22453 | Snake:1  | Found a transporter.
 23115 | D:10     | Bought an amulet of reflection for 420 gold pieces
 23289 | Snake:1  | You are sucked into a shaft and drop 1 floor!
 23834 | Snake:2  | Identified the +4 chain mail "Exzezir" {+Inv rPois rF+
                  | Dex+3} (Okawaru gifted it to you on level 2 of the Snake
                  | Pit)
 23834 | Snake:2  | Received a gift from Okawaru
 24200 | Snake:2  | Noticed a nagaraja
 24212 | Snake:2  | Killed a nagaraja
 24564 | Snake:2  | Found Weutsit's Antique Weapon Boutique.
 24724 | Snake:2  | Found Pisen's Book Emporium.
 24724 | Snake:2  | Found Aluem's Jewellery Boutique.
 24725 | Snake:2  | Found Qery's Jewellery Boutique.
 24857 | Snake:2  | Acquired the +9 broad axe "Sarcophage" {venom, rF++ rN+
                  | Int-2 SInv}
 24866 | Snake:2  | Acquired the ring of Moderation {Will+ rCorr Str+6 Int-4
                  | Dex+4}
 24870 | Snake:2  | Acquired the amulet of the Gloaming {RegenMP Str+7}
 25106 | Snake:3  | Noticed a nagaraja
 25124 | Snake:3  | Killed a nagaraja
 25280 | Snake:3  | Found Guicoirch's General Store.
 25615 | Snake:3  | Reached skill level 19 in Axes
 25954 | Snake:3  | Reached skill level 15 in Fighting
 26419 | Snake:4  | Entered Level 4 of the Snake Pit
 26867 | Snake:4  | Found a frozen archway.
 26867 | Snake:4  | Noticed an azure jelly
 26876 | Snake:4  | Killed an azure jelly
 26883 | Snake:4  | Reached XP level 16. HP: 143/149 MP: 26/26
 26889 | IceCv    | Entered an ice cave
 26893 | IceCv    | Received a gift from Okawaru
 27865 | IceCv    | Noticed an Ice Fiend
 27872 | IceCv    | Killed an Ice Fiend
 28416 | IceCv    | Mangled by a caustic shrike simulacrum

Illustrated notes

Levels and vault maps discovered:
D:1:      minmay_arrival_glassed_features, layout_loops_ring,
          shapermc_ecumenical_altar_mp_ritualfount, serial_shops,
          nicolae_square_shop, serial_bayou_crossing
D:2:      layout_loops_ring, minmay_hexomino_r4, uniq_sigmund
D:3:      layout_basic, trog_butcher_becter, lemuel_crystal_altar,
          serial_forest, infiniplex_forest_clump_curved,
          infiniplex_forest_end_double, infiniplex_forest_clump_small,
          infiniplex_forest_end_double, grunt_decor_clamped
D:4:      layout_basic, mainiacjoe_overflow_concentric_impassable,
          kb_xom_exploding_sheep, nicolae_ru_path_of_blood, nzn_random_ring
D:5:      layout_cave_pools, grunt_ministairs_11, sigmund_army,
          uniq_crazy_yiuf_cottage, uniq_menkaure
D:6:      layout_loops_ring, nicolae_overflow_hidden_temple,
          nzn_hepliaklqana_mist_gate, minmay_temple_entry_poolview
D:7:      layout_basic, marbit_many_paths
D:8:      black_bear_nest_1, layout_gridville, nicolae_uskayaw_dance_hall,
          lair_entry_dummy, nicolae_ossuary_entry_false_entrances
D:9:      layout_cave_pools, nemelex_spade_bored_becter, serial_shops,
          nicolae_take_the_stairs, nicolae_wwwww
D:10:     layout_loops_ring, nicolae_qazlal_eye_of_the_storm, serial_shops,
          nicolae_diamond_shop
D:11:     layout_roguey, lemuel_zombie_altar_yredelemnul
D:12:     layout_basic, enter_trove_0, einodemon_armed_red_devil_minivault
Temple:   nicolae_temple_ecumenical_triangle
Lair:1:   layout_regular_city, nicolae_lair_liquid_snakes, serial_bayou_shore_b
Lair:2:   minmay_lair_oklob_chamber, layout_cave_pods,
          minmay_shoals_entry_lonely_mermaid, minmay_snake_entry_guardpost_small
Lair:3:   layout_cellular_growth, grunt_megastairs_3, uniq_snorg
Lair:4:   layout_roguey, nicolae_slime_entry_slimehenge, uniq_rupert
Lair:5:   hangedman_lair_tendril_chambers, layout_gridlike, basic_altar,
          chequers_serial_rivers_marsh, uniq_kirke
Snake:1:  gammafunk_its_a_trap, layout_rooms, eino_curves_01,
          nicolae_snake_gridmaze_squiggle, nicolae_shop_dragon_depot,
          nicolae_snake_omega
Snake:2:  nicolae_snake_nest, layout_gridlike, serial_shops,
          nicolae_stop_n_shop_2, serial_bayou_pond_c, minmay_shop_grove
Snake:3:  layout_concentric_octagons, serial_shops, nicolae_stop_n_shop_1,
          serial_bayou_shore_b
Snake:4:  snake_pit, layout_cave_town, portal_ice_cave_entry_frozen_things,
          serial_bayou_shore_a, minmay_shop_star
Orc:1:    layout_caves
Orc:2:    st_orc_rangers, layout_caves
IceCv:    ice_cave_tombish

Skill      XL: |  1  2  3  4  5  6  7  8  9 10 11 12 13 14 15 |
---------------+----------------------------------------------+-----
Axes           | 3 4 5 6 7 9 12 13 15 17 18 19 | 19.3
Fighting       | 4 5 6 7 8 9 10 11 12 14 15 | 15.3
Armour         | 4 5 6 8 9 10 11 12 13 14 | 14.3
Shields        | 4 5 6 7 8 9 10 11 12 14 | 14.2
Invocations    | 3 5 7 9 10 12 14 | 14.4

Action                   |  1- 3 |  4- 6 |  7- 9 | 10-12 | 13-15 | 16-18 || total
-------------------------+-------+-------+-------+-------+-------+-------++-------
Melee: War axe           |    54 |       |   152 |   405 |   734 |       ||  1345
       Mace              |       |    84 |    67 |       |       |       ||   151
       Trident           |       |       |       |    14 |     9 |       ||    23
       Broad axe         |       |       |       |       |   140 |    91 ||   231
Invok: Heroism           |       |       |       |     6 |     7 |     1 ||    14
       Finesse           |       |       |       |     4 |     4 |     1 ||     9
  Use: Scroll            |     1 |     5 |    10 |    11 |     9 |       ||    36
       Potion            |       |     2 |     2 |     6 |       |     2 ||    12
 Stab: Distracted        |       |       |       |     7 |       |       ||     7
Armor: Scale mail        |    29 |    25 |       |       |       |       ||    54
       Plate armour      |       |     3 |   100 |   120 |   375 |    48 ||   646
       Chain mail        |       |       |       |    96 |    14 |       ||   110
Dodge: Dodged            |    24 |    24 |    70 |   168 |   188 |    23 ||   497
Block: Buckler           |    12 |    12 |    54 |     9 |       |       ||    87
       Kite shield       |       |       |       |   212 |   412 |    57 ||   681
       Reflection        |       |       |       |       |     6 |       ||     6
